 Dungeon Crawl Stone Soup version 0.28.0 (webtiles) character file.

Game seed: 13394546286216001268

23 a3don the Vexing (level 2, -1/14 HPs)
             Began as a Spriggan Arcane Marksman on Feb 15, 2022.
             Slain by an endoplasm (2 damage)
             ... on level 1 of the Dungeon.
             The game lasted 00:03:34 (1602 turns).

a3don the Vexing (Spriggan Arcane Marksman)         Turns: 1602, Time: 00:03:35

Health: -1/14      AC:  2    Str:  6    XL:     2   Next: 75%
Magic:  3/5        EV: 17    Int: 14    God:
Gold:   25         SH:  0    Dex: 15    Spells: 0/4 levels left

rFire   . . .      SeeInvis +   a - +0 dagger
rCold   . . .      Faith    .   (no shield)
rNeg    . . .      Spirit   .   d - +0 robe
rPois   .          Reflect  .   (helmet restricted)
rElec   .          Harm     .   (no cloak)
rCorr   .          Rampage  .   (gloves unavailable)
Will    .....                   (boots unavailable)
Stlth   +.........              (no amulet)
HPRegen 0.04/turn               (no ring)
MPRegen 0.09/turn               (no ring)

@: very slightly contaminated, very quick
A: very small, no large weapons, unfitting armour, see invisible, speed 3
a: no special abilities


You were on level 1 of the Dungeon.
You visited 1 branch of the dungeon, and saw 2 of its levels.

You collected 25 gold pieces.

Inventory:

Hand Weapons
 a - a +0 dagger (weapon)
 b - a +0 shortbow
 g - a +0 spear
Missiles
 c - 16 arrows
 h - 5 stones (quivered)
Armour
 d - a +0 robe (worn)
Scrolls
 f - a scroll of identify {unknown}
 i - a scroll of teleportation {unknown}
Potions
 e - a potion of cancellation {unknown}
 j - a potion of heal wounds {unknown}


   Skills:
 + Level 1.1 Fighting
 + Level 0.0 Short Blades
 + Level 2.7 Bows
 + Level 3.0 Dodging
 + Level 1.7 Spellcasting
 + Level 0.4 Conjurations
 + Level 3.9 Hexes
 * Level 0.0 Summonings


You couldn't memorise any spells.
You knew the following spells:

 Your Spells              Type           Power      Damage    Failure   Level
a - Slow                  Hex            48%        N/A       4%          1
b - Magic Dart            Conj           8%         1d3       21%         1
c - Call Imp              Summ           1%         N/A       36%         2

Your spell library contained the following spells:

 Spells                   Type           Power      Damage    Failure   Level
 Inner Flame              Hex/Fire       6%         N/A       32%         3
 Portal Projectile        Hex/Tloc       12%        N/A       32%         3
 Cause Fear               Hex            6%         N/A       43%         4
 Mephitic Cloud           Conj/Pois/Air  1%         N/A       56%         3


Dungeon Overview and Level Annotations

Branches:
Dungeon (2/15)

Altars:

Shops:
D:1 ?

Annotations:
D:2 Robin


Innate Abilities, Weirdness & Mutations

You are very small and have problems with some larger weapons.
You are too small for most types of armour.
You have supernaturally acute eyesight. (SInv)
You cover ground extremely quickly. (Speed+++)


Message History

You kill the goblin!
Things that are here:
a +0 club; a goblin corpse
There is a stone staircase leading down here.
You start resting.
HP restored.
You start waiting.
Done waiting.
Things that are here:
a +0 club; a goblin corpse This spell is potentially lethal to cast!
Memorise Call Imp, consuming 2 spell levels and leaving 0?
You start memorising the spell.
You continue memorising. x2
You finish memorising.
Spell assigned to 'c'.
Things that are here:
a +0 club; a goblin skeleton
There is a stone staircase leading down here.
You climb downwards.
Level annotation: Robin Robin roars a battlecry!
The goblins go into a battle-frenzy!
The goblin hits you with a +0 club. The goblin hits you with a +0 dagger.
The goblin barely misses you. The goblin closely misses you.
The goblin hits you with a +0 dagger. The goblin barely misses you.
The goblin hits you with a +0 dagger.
* * * LOW HITPOINT WARNING * * *
There is a stone staircase leading up, spattered with blood here.
The endoplasm jiggles.
The endoplasm closely misses you. The goblin barely misses you. x2
The goblin misses you. The hobgoblin misses you. The goblin misses you.
The goblin completely misses you.
You climb upwards.
There is a stone staircase leading down here.
You are too injured to fight recklessly!
Cast which spell? (? or * to list)
The spell is potentially lethal to miscast (36% risk of failure)!
Continue anyway?
You miscast Call Imp.
You are very lightly contaminated with residual magic.
Nothing appears to happen.
The endoplasm hits you.
You die...

#.#.#.#.#.#.############
.................#
.#.#.#.#.#.#####.#
..........)# #.#
#.#.#.#.#..# #g#
.........#.# #g#
.#.#.#.#.#.# #g#
.........#.#####J#
#.#.#.#......ggg@###########
.......#.#.#######.........#
.#.#.#...#....†.....######.#
.........#########..# #.#
#####....# #.....#..# #.#
...##....# #.#...#..# #.#
...##....# #.#####..# #.#
...'.....# #....[...# #.#
...##...## ########.######.#


You could see an endoplasm, a hobgoblin (strong) and 5 goblins.

Vanquished Creatures
  An adder (D:1)
  A dart slug (D:1)
  A goblin (D:1)
  A hobgoblin (D:1)
  A quokka (D:1)
  2 bats (D:1)
  2 frilled lizards (D:1)
  4 kobolds (D:1)
13 creatures vanquished.

Notes
Turn   | Place    | Note
-------+----------+-------------------------------------------
     0 | D:1      | a3don the Spriggan Arcane Marksman began the quest for the
                  | Orb.
     0 | D:1      | Reached XP level 1. HP: 9/9 MP: 3/3
    34 | D:1      | Learned a level 1 spell: Magic Dart
   435 | D:1      | Reached skill level 1 in Fighting
   463 | D:1      | Reached XP level 2. HP: 14/14 MP: 5/5
   603 | D:1      | Found Jionoq's Magic Scroll Emporium.
  1367 | D:2      | Noticed Robin
  1592 | D:1      | Learned a level 2 spell: Call Imp
  1602 | D:1      | Slain by an endoplasm

Illustrated notes

Levels and vault maps discovered:
D:1:      erik_arrival_blinker_ship, layout_basic, serial_shops,
          nicolae_shop_stone, hex_large
D:2:      layout_rooms, ebering_dispersal_statue_hall, uniq_robin

Skill      XL: |  1  2 |
---------------+-------+-----
Fighting       | 1 |  1.1
Dodging        | 3 |  3.0
Bows           | |  2.7
Spellcasting   | |  1.7
Conjurations   | |  0.4
Hexes          | |  3.9

Action                   || total
-------------------------++-------
Melee: Spear             ||     1
       Dagger            ||     7
 Fire: Shortbow          ||    32
Armor: Robe              ||     3
Dodge: Dodged            ||    32
